 Dungeon Crawl Stone Soup version 0.21.1-1-g345015f (webtiles) character file.

76282 microfolk the Convoker (level 15, -15/89 HPs)
             Began as a Tengu Summoner on June 5, 2018.
             Was the Champion of Hepliaklqana.
             Killed by the raging water
             ... invoked by a water nymph
              (40 damage)
             ... on level 1 of the Shoals.
             The game lasted 02:10:52 (46352 turns).

microfolk the Convoker (Tengu Summoner)            Turns: 46352, Time: 02:10:53

Health: -15/89     AC:  7    Str: 12    XL:     15   Next: 53%
Magic:  21/35      EV: 22    Int: 21    God:    Hepliaklqana [******]
Gold:   1040       SH:  7    Dex: 19    Spells: 5/28 levels left

rFire    . . .     SeeInvis .   a - +2 trident (freeze)
rCold    . . .     Gourm    .   C - +0 buckler
rNeg     . . .     Faith    .   W - +1 troll leather armour "Mashrapp" {Regen+ Str+4 Dex+3}
rPois    .         Spirit   .   (helmet restricted)
rElec    .         Reflect  .   I - scarf {repulsion}
rCorr    .         Harm     .   O - +0 pair of gloves {archery}
MR       ++...                  (boots unavailable)
Stlth    ++........             m - amulet of regeneration
HPRegen  1.04/turn              L - ring of protection from magic
MPRegen  0.24/turn              Z - ring of magical power

@: flying quickly and evasively, mesmerised, repel missiles, quick
A: reduced essence, beak, talons 3, able to fly 2
a: Stop Flying, Recall Ancestor, Ancestor Identity, Transference, Idealise,
Renounce Religion


You were on level 1 of the Shoals.
You worshipped Hepliaklqana.
Hepliaklqana was exalted by your worship.
You were not hungry.

You visited 6 branches of the dungeon, and saw 25 of its levels.
You also visited: Bailey and Ice Cave.

You collected 2933 gold pieces.
You spent 1893 gold pieces at shops.

Inventory:

Hand Weapons
 a - a +2 trident of freezing (weapon)
 e - a +7 blowgun
Missiles
 d - 12 curare-tipped needles
Armour
 C - a +0 buckler (worn)
 I - a scarf of repulsion (worn)
 O - a +0 pair of gloves of archery (worn)
 W - the +1 troll leather armour "Mashrapp" (worn) {Regen+ Str+4 Dex+3}
   (You found it on level 4 of the Lair of Beasts)

   It affects your strength (+4).
   It affects your dexterity (+3).
   It increases your rate of regeneration.
Jewellery
 m - an amulet of regeneration (around neck)
 o - an uncursed ring of poison resistance
 t - an uncursed ring of ice
 w - an uncursed ring of fire
 L - a ring of protection from magic (left hand)
 V - an uncursed ring of see invisible
 Z - a ring of magical power (right hand)
Wands
 r - a wand of enslavement (24)
 D - a wand of disintegration (45)
 G - a wand of iceblast (35)
 J - a wand of paralysis (29)
 M - a wand of digging (8)
 T - a wand of acid (6)
 Y - a wand of flame (28)
Scrolls
 b - a scroll of summoning
 f - 15 scrolls of teleportation
 g - a scroll of magic mapping
 h - 5 scrolls of remove curse {@r2}
 l - 8 scrolls of enchant weapon
 u - 4 scrolls of enchant armour
 v - 3 scrolls of fog
 x - 6 scrolls of immolation
 y - 4 scrolls of amnesia
 E - a scroll of brand weapon {unknown}
 F - a scroll of blinking {unknown}
 H - 4 scrolls of fear
 Q - a scroll of random uselessness {unknown}
 R - a scroll of torment {unknown}
Potions
 i - 8 potions of curing {@q1}
 j - 3 potions of brilliance
 k - 6 potions of haste
 p - 4 potions of resistance
 q - 4 potions of lignification
 s - 4 potions of berserk rage
 B - 3 potions of agility
 K - a potion of might
 P - a potion of cancellation
 S - a potion of invisibility
 U - 4 potions of mutation
Books
 N - the Incunabulum of the Displaced Glacier
   (You found it on level 1 of the Lair of Beasts)

   Spells                             Type                      Level
   a - Apportation                    Translocation                1
   b - Throw Frost                    Conjuration/Ice              2
   c - Ozocubu's Armour               Charms/Ice                   3
   d - Freezing Cloud                 Conjuration/Ice/Air          6
   e - Malign Gateway                 Summoning/Translocation      7
Comestibles
 c - 8 rations
 n - 2 chunks of flesh


   Skills:
 + Level 13.2 Fighting
 - Level 6.0 Armour
 - Level 9.0 Dodging
 - Level 2.0 Stealth
 + Level 9.7 Shields
 * Level 7.2 Spellcasting
 - Level 5.0 Hexes
 + Level 15.2 Summonings
 - Level 4.0 Ice Magic
 - Level 5.0 Air Magic
 - Level 8.6 Invocations


You had 5 spell levels left.
You knew the following spells:

 Your Spells              Type           Power        Failure   Level  Hunger
a - Summon Ice Beast      Ice/Summ       #####...     1%          4    ###....
b - Summon Mana Viper     Hex/Summ       ######..     4%          5    #####..
c - Call Canine Familiar  Summ           ######..     1%          3    None
d - Summon Lightning Spi  Summ/Air       ######..     1%          4    ###....
f - Shadow Creatures      Summ           N/A          3%          6    ######.
g - Summon Butterflies    Summ           ######..     1%          1    None


Dungeon Overview and Level Annotations

Branches:
Dungeon (12/15)            Temple (1/1) D:6            Lair (6/6) D:9
 Shoals (1/4) Lair:3        Snake (3/4) Lair:4        Slime (0/5) Lair:6
    Orc (2/2) D:12            Elf (0/3) Orc:2

Altars:
Ashenzari
Cheibriados
Dithmenos
Elyvilon
Fedhas
Gozag
Hepliaklqana
Kikubaaqudgha
Makhleb
Nemelex Xobeh
Okawaru
Qazlal
Ru
Sif Muna
Trog
Uskayaw
Vehumet
Wu Jian
Xom
Yredelemnul
Zin
The Shining One
Beogh
Jiyva

Shops:
D:4 %   D:8 !*:   D:12 !}(*   Orc:1 (   Orc:2 *::=

Annotations:
D:4 exclusion: downstairs
D:10 exclusion: downstairs
D:11 exclusion: orange crystal statue


Innate Abilities, Weirdness & Mutations

You have a beak for a mouth.
You have claws for feet.
You can fly continuously.
Your life essence is reduced to manifest your ancestor. (-10% HP)


Message History

The water nymph drowns you!
* * * LOW HITPOINT WARNING * * *
Your ice beast hits the water nymph.
Your ice beast freezes the water nymph!
The merfolk avatar chants its luring song.
Giddo hits the merfolk avatar but does no damage.
The pull of its song draws you forwards.
Your ice beast misses the water nymph.
The merfolk avatar chants its luring song.
Giddo hits the merfolk avatar with a dagger of draining.
Giddo drains the merfolk avatar!
The merfolk avatar chants its luring song.
You feel sick.
You are no longer poisoned.
Giddo barely misses the merfolk avatar.
The merfolk avatar chants its luring song.
Unknown command.
Unknown command.
The water nymph points at you and mumbles some strange words.
The water rises up and strikes you!
You die...

##########################
≈≈≈≈≈≈≈≈≈≈≈≈≈≈≈≈≈≈≈≈≈≈≈≈≈≈
≈≈≈≈≈≈≈≈≈≈≈≈≈≈≈≈≈≈≈≈≈≈≈≈≈≈
≈≈≈≈≈≈≈≈≈≈≈≈≈≈≈≈≈≈≈≈≈≈≈≈≈≈
≈≈≈≈≈≈≈≈≈≈≈≈≈≈≈≈≈≈≈≈≈≈≈≈≈≈
≈≈≈≈≈≈≈≈≈≈≈@mR≈≈≈≈≈≈≈≈≈≈≈≈
≈≈≈≈≈≈≈≈≈≈≈≈≈mY≈≈≈≈≈≈≈≈≈≈≈
≈≈≈≈≈≈≈≈≈≈≈P≈E≈≈≈≈.≈≈≈..≈≈
≈≈≈≈≈≈≈≈≈≈≈≈≈≈≈≈≈≈.≈≈≈≈..≈ ≈≈≈
≈≈≈≈≈≈≈≈≈≈≈≈≈.....≈≈≈≈≈≈ ≈≈≈≈
≈≈≈≈≈≈≈≈P≈≈≈......≈≈≈≈≈
≈≈≈≈≈≈≈≈≈≈≈≈≈≈≈≈≈≈≈≈≈.....≈≈≈.≈
≈≈≈≈≈≈≈≈PP≈≈≈≈≈≈≈≈≈≈...........
≈≈≈≈≈WP≈P ≈P≈≈≈P≈....####......


You could see the friendly Giddo the hexer, a merfolk avatar, a water elemental,
a water nymph and a friendly ice beast.

Vanquished Creatures
  A naga warrior (Snake:2)
  An anaconda (Snake:2)
  3 death yaks
  An orc high priest (Orc:1)
  A shock serpent (Snake:1)
  2 unseen horrors (D:10)
  4 mana vipers
  3 orc knights
  2 orc sorcerers
  A cyclops (Orc:2)
  A guardian serpent (Snake:2)
  2 elephants (Lair:4)
  3 naga magi (Snake:1)
  3 black mambas
  2 centaur zombies
  A spiny frog (Lair:6)
  A komodo dragon (D:10)
  A merfolk (Shoals:1)
  A troll (D:12)
  A dream sheep (Lair:6)
  A hornet (D:11)
  3 blink frogs
  A hippogriff (Lair:6)
  A slime creature (D:12)
  A wraith (D:12)
  5 yaks
  A wyvern (D:9)
  A warg (Orc:2)
  6 nagas
  A soldier ant (D:12)
  2 water moccasins
  Duvessa (D:5)
  A porcupine (Lair:3)
  2 sky beasts
  3 ice beasts
  15 orc warriors
  2 black bears
  3 ogres
  A necrophage (D:12)
  4 centaurs
  2 crocodiles
  A big kobold (D:9)
  3 bullfrogs
  A hexer (Orc:1)
  2 wights (D:6)
  3 howler monkeys
  3 electric eels
  A crimson imp (D:10)
  A bullfrog zombie (D:10)
  A hound (D:4)
  8 orc wizards
  A bullfrog skeleton (D:12)
  6 orc priests
  5 jellies
  An iguana (D:10)
  4 worker ants
  A hound zombie (D:9)
  2 hound skeletons
  A worker ant zombie (D:10)
  7 adders
  2 shadow imps
  2 white imps (Lair:2)
  3 oozes
  A dart slug (D:4)
  4 leopard geckos
  24 orcs
  6 bats
  7 giant cockroaches
  4 goblins
  2 hobgoblins (D:3)
  A jackal (D:3)
  3 quokkas
  2 ball pythons
  5 frilled lizards
  5 kobolds
  A quokka skeleton (D:4)
  A quokka zombie (D:5)
  2 rats
  A plant (Lair:4)
220 creatures vanquished.

Vanquished Creatures (collateral kills)
  3 nagarajas
  An orc warlord (Orc:1)
  A fire dragon (Lair:4)
  Josephine (D:12)
  Fannar (D:11)
  Harold (D:10)
  3 hydras
  3 naga warriors (Snake:3)
  3 catoblepae (Lair:6)
  7 anacondas
  2 two-headed ogres
  Urug (D:12)
  2 orc high priests (Orc:2)
  8 death yaks
  6 shock serpents
  5 naga sharpshooters
  The ghost of Bnni the Cleaver, a novice DsFi of Wu Jian (D:8)
  A sea snake (Shoals:1)
  4 naga ritualists
  The ghost of Error4North the Chopper, a novice DDFi of Okawaru (D:10)
  7 orc knights
  The ghost of yohadams the Bolt Thrower, a novice HuWn of Trog (D:5)
  6 orc sorcerers
  2 manticores (Lair:6)
  An ugly thing (D:11)
  4 mana vipers
  A cyclops (D:10)
  9 naga magi
  5 elephants
  A water nymph (Shoals:1)
  2 salamanders
  2 merfolk sirens
  29 black mambas
  A guardian serpent (Snake:3)
  Psyche (D:10)
  A gargoyle (D:10)
  6 spiny frogs
  A centaur skeleton (D:12)
  3 kobold demonologists
  8 komodo dragons
  2 merfolk (Shoals:1)
  A polar bear (IceCv)
  6 trolls
  2 slime creatures
  A hornet (D:12)
  9 blink frogs
  5 dream sheep
  4 hippogriffs
  5 wraiths
  29 yaks
  2 wyverns
  The ghost of tiramisu the Chopper, an amateur MiGl (D:4)
  Grum (D:9)
  3 basilisks
  17 nagas
  5 wargs (Orc:1)
  14 water moccasins
  An acid dragon (D:12)
  2 porcupines
  A soldier ant (D:10)
  2 black bears
  5 ogres
  4 ice beasts
  2 phantoms
  A meliai simulacrum (D:12)
  3 sky beasts
  34 orc warriors
  An eye of draining (D:10)
  9 wolves
  3 centaurs
  11 crocodiles
  13 bullfrogs
  Dowan (D:5)
  A killer bee (D:10)
  4 electric eels
  2 wights (D:6)
  A howler monkey (D:4)
  7 crimson imps
  A quasit (D:6)
  A bullfrog zombie (D:8)
  A jelly (D:11)
  3 hounds
  3 iguanas
  24 orc priests
  A bullfrog skeleton (D:10)
  19 orc wizards
  6 worker ants
  A hound zombie (D:10)
  A hound skeleton (D:4)
  A gnoll (D:1)
  11 adders
  2 shadow imps
  10 white imps (Lair:2)
  3 oozes (D:11)
  3 worms
  4 dart slugs
  4 leopard geckos
  64 orcs
  2 ball pythons
  5 bats
  4 giant cockroaches
  7 goblins
  6 hobgoblins
  A jackal (D:3)
  9 kobolds
  4 frilled lizards
  2 rats
  5 fungi
  2 plants
571 creatures vanquished.

Vanquished Creatures (others)
  2 polar bears (IceCv)
  An orc warrior (Bailey)
  An orc wizard (D:11)
  42 hexers
  An ancestor (D:5)
  2 bushes (Lair:3)
  2 fungi
  9 plants
60 creatures vanquished.

Grand Total: 851 creatures vanquished

Notes
Turn   | Place    | Note
-------+----------+-------------------------------------------
     0 | D:1      | microfolk the Tengu Summoner began the quest for the Orb.
     0 | D:1      | Reached XP level 1. HP: 10/10 MP: 4/4
   264 | D:1      | Reached skill level 5 in Summonings
   283 | D:1      | Reached XP level 2. HP: 16/16 MP: 1/6
   287 | D:1      | Learned a level 2 spell: Call Imp
   519 | D:1      | Reached skill level 1 in Fighting
   724 | D:1      | Reached XP level 3. HP: 20/20 MP: 3/7
   729 | D:1      | Learned a level 3 spell: Call Canine Familiar
  2180 | D:2      | Reached XP level 4. HP: 26/26 MP: 8/8
  3099 | D:3      | Found a white marble altar of Elyvilon.
  3299 | D:3      | Found a deep blue altar of Sif Muna.
  3299 | D:3      | Found a hazy altar of Hepliaklqana.
  3424 | D:3      | Gained mutation: You can fly. [Tengu growth]
  3424 | D:3      | Reached XP level 5. HP: 30/31 MP: 6/9
  3540 | D:3      | Found a hide-covered altar of Uskayaw.
  3542 | D:3      | Found a glowing golden altar of the Shining One.
  3584 | D:4      | Noticed an ogre
  3594 | D:4      | Killed an ogre
  3594 | D:4      | Reached skill level 6 in Summonings
  3636 | D:4      | Noticed tiramisu's ghost (amateur MiGl)
  3643 | D:4      | Killed tiramisu's ghost
  3643 | D:4      | Reached XP level 6. HP: 37/37 MP: 1/10
  3843 | D:4      | Noticed a phantom
  3884 | D:3      | Found an iron altar of Okawaru.
  3949 | D:3      | Became a worshipper of Hepliaklqana the Forgotten
  3985 | D:4      | Killed a phantom
  4023 | D:4      | Learned a level 4 spell: Summon Lightning Spire
  4106 | D:4      | Reached skill level 1 in Air Magic
  4199 | D:4      | Found Pusuhoid's Food Boutique.
  4220 | D:4      | Reached XP level 7. HP: 35/36 MP: 8/12
  4878 | D:5      | Entered Level 5 of the Dungeon
  4937 | D:5      | Reached * piety under Hepliaklqana
  4941 | D:5      | Noticed yohadams's ghost (novice HuWn)
  5944 | D:5      | Noticed Duvessa
  5946 | D:5      | Noticed Dowan
  6176 | D:4      | Reached skill level 5 in Dodging
  6468 | D:5      | Found a sacrificial altar of Ru.
  6472 | D:5      | Reached skill level 7 in Summonings
  6558 | D:5      | Killed Duvessa
  6567 | D:5      | Killed Dowan
  6567 | D:5      | Reached XP level 8. HP: 43/43 MP: 3/13
  7477 | D:5      | Reached skill level 5 in Air Magic
  7863 | D:5      | Killed yohadams's ghost
  7863 | D:5      | Reached skill level 8 in Summonings
  8390 | D:6      | Reached skill level 5 in Fighting
  8588 | D:6      | Reached skill level 9 in Summonings
  8643 | D:6      | Reached XP level 9. HP: 48/48 MP: 14/14
  8649 | D:6      | Learned a level 4 spell: Summon Ice Beast
  8734 | D:6      | Reached skill level 1 in Ice Magic
  8956 | D:6      | Found a staircase to the Ecumenical Temple.
  8962 | Temple   | Entered the Ecumenical Temple
  8978 | Temple   | Reached ** piety under Hepliaklqana
  8979 | Temple   | Remembered your ancestor Giddo as a hexer
 10333 | D:8      | Reached skill level 1 in Shields
 10545 | D:8      | Noticed Bnni's ghost (novice DsFi)
 10569 | D:8      | Killed Bnni's ghost
 10726 | D:8      | Reached XP level 10. HP: 43/54 MP: 8/15
 11017 | D:8      | Found Dixis's Distillery.
 11023 | D:8      | Bought a potion of lignification for 33 gold pieces
 11023 | D:8      | Bought a potion of heal wounds for 55 gold pieces
 11023 | D:8      | Bought a potion of curing for 33 gold pieces
 11518 | D:8      | Found Ahiden's Assorted Antiques.
 11611 | D:8      | Found Koato's Book Shop.
 11622 | D:8      | Reached skill level 10 in Summonings
 12082 | D:9      | Reached skill level 1 in Armour
 12254 | D:9      | Reached *** piety under Hepliaklqana
 12261 | D:9      | Found a staircase to the Lair.
 12315 | D:9      | Noticed Grum
 12326 | D:9      | Killed Grum
 12545 | D:9      | Noticed a two-headed ogre
 12553 | D:9      | Killed a two-headed ogre
 13151 | D:10     | Entered Level 10 of the Dungeon
 13244 | D:10     | Noticed a gargoyle
 13260 | D:10     | Killed a gargoyle
 13363 | D:10     | Noticed a cyclops
 14216 | D:10     | Found a runed door.
 14490 | Lair:1   | Entered Level 1 of the Lair of Beasts
 14644 | Lair:1   | Noticed a five-headed hydra
 14661 | Lair:1   | Killed a five-headed hydra
 14661 | Lair:1   | Reached skill level 5 in Spellcasting
 14759 | Lair:1   | Noticed a spiny frog
 14767 | Lair:1   | Killed a spiny frog
 15170 | Lair:1   | Identified the Incunabulum of the Displaced Glacier
 15320 | Lair:1   | Reached skill level 1 in Invocations
 15558 | Lair:1   | Reached XP level 11. HP: 35/61 MP: 19/19
 15695 | Lair:1   | Reached **** piety under Hepliaklqana
 15933 | Lair:1   | Reached skill level 11 in Summonings
 16955 | Lair:2   | Found a frozen archway.
 16991 | IceCv    | Entered an ice cave
 19257 | Lair:2   | Noticed a seven-headed hydra
 19270 | Lair:2   | Killed a seven-headed hydra
 19270 | Lair:2   | Reached skill level 5 in Armour
 19907 | Lair:3   | Identified 2 scrolls of acquirement
 20112 | Lair:3   | Found a staircase to the Shoals.
 20312 | Lair:3   | Found a dark tunnel.
 20629 | Lair:3   | Noticed a six-headed hydra
 21144 | Lair:3   | Killed a six-headed hydra
 21736 | Lair:3   | Reached skill level 12 in Summonings
 22149 | Lair:4   | Reached XP level 12. HP: 68/68 MP: 0/20
 22709 | Lair:4   | Found a staircase to the Snake Pit.
 22889 | Lair:4   | Noticed a death yak
 22890 | Lair:4   | Noticed a death yak
 22935 | Lair:4   | Killed a death yak
 22935 | Lair:4   | Reached skill level 5 in Invocations
 23139 | Lair:4   | Noticed a death yak
 23140 | Lair:4   | Noticed a death yak
 23147 | Lair:4   | Noticed a death yak
 23397 | Lair:3   | Killed a death yak
 23643 | Lair:4   | Reached ***** piety under Hepliaklqana
 23774 | Lair:4   | Noticed a fire dragon
 23902 | Lair:4   | Killed a fire dragon
 24034 | Lair:4   | Got a faintly humming troll leather armour
 24040 | Lair:4   | Identified the Handbook of Helpful Earth
 24102 | Lair:3   | Identified the cursed +1 troll leather armour "Mashrapp" {Regen+ Str+4 Dex+3} (You found it on level 4 of the Lair of Beasts)
 24225 | Lair:3   | Killed a death yak
 24229 | Lair:3   | Killed a death yak
 24331 | Lair:4   | Killed a death yak
 24331 | Lair:4   | Reached skill level 10 in Fighting
 25131 | Lair:5   | Got a steaming broad axe
 25673 | Lair:6   | Entered Level 6 of the Lair of Beasts
 25677 | Lair:6   | Found a staircase to the Slime Pits.
 25677 | Lair:6   | Found a viscous altar of Jiyva.
 26211 | Lair:6   | Noticed a death yak
 26225 | Lair:6   | Killed a death yak
 26233 | Lair:6   | Reached skill level 13 in Summonings
 26411 | Lair:5   | Learned a level 6 spell: Shadow Creatures
 26513 | Lair:6   | Noticed a catoblepas
 26551 | Lair:6   | Killed a catoblepas
 26658 | Lair:6   | Found a shimmering altar of Xom.
 27160 | Lair:6   | Noticed a death yak
 27163 | Lair:6   | Noticed a death yak
 27164 | Lair:6   | Noticed a death yak
 27342 | Lair:6   | Killed a death yak
 27346 | Lair:6   | Killed a death yak
 27346 | Lair:6   | Reached XP level 13. HP: 74/74 MP: 6/21
 27755 | Lair:6   | Reached skill level 5 in Shields
 28627 | Lair:6   | Got a scorched bone amulet
 28882 | D:10     | Noticed Error4North's ghost (novice DDFi)
 29139 | D:10     | Noticed Psyche
 29275 | D:10     | Killed Psyche
 29516 | D:10     | Found a runed door.
 29694 | D:10     | Killed Error4North's ghost
 30298 | D:11     | Noticed Harold
 30298 | D:11     | Noticed Fannar
 30311 | D:10     | Killed Harold
 30752 | D:11     | Killed Fannar
 31292 | D:11     | Identified the amulet "Upaur" {Harm *Drain Dex+3 SInv} (You found it on level 6 of the Lair of Beasts)
 31803 | D:12     | Reached skill level 14 in Summonings
 31959 | D:12     | Noticed Josephine
 32090 | D:12     | Found Fueshrer's Assorted Antiques.
 32094 | D:12     | Bought a scroll of identify for 42 gold pieces
 32184 | D:12     | Found a staircase to the Orcish Mines.
 32266 | D:12     | Found Hadomein's Gadget Shop.
 32275 | D:12     | Noticed Urug
 32295 | D:12     | Killed Urug
 32706 | D:12     | Found Qenar's Distillery.
 32734 | D:12     | Found Qeuruxzome's Antique Weapon Emporium.
 32838 | D:12     | Killed Josephine
 32909 | Orc:1    | Entered Level 1 of the Orcish Mines
 32936 | Orc:1    | Noticed an orc warlord
 32952 | Orc:1    | Killed an orc warlord
 33015 | Orc:1    | Found a flagged portal.
 33052 | Bailey   | Entered a bailey
 33507 | Orc:1    | Found Goubibb's Weapon Emporium.
 33818 | Orc:1    | Gained mutation: You can fly continuously. [Tengu growth]
 33818 | Orc:1    | Reached XP level 14. HP: 71/81 MP: 20/22
 34459 | Orc:1    | Found a roughly hewn altar of Beogh.
 34996 | Orc:2    | Entered Level 2 of the Orcish Mines
 35470 | D:8      | Bought a book of Beasts for 770 gold pieces
 35472 | D:8      | Learned a level 1 spell: Summon Butterflies
 35482 | D:8      | Learned a level 5 spell: Summon Mana Viper
 36180 | Orc:2    | Reached ****** piety under Hepliaklqana
 36309 | Orc:2    | Found a staircase to the Elven Halls.
 36366 | Orc:2    | Reached skill level 1 in Hexes
 37802 | Orc:2    | Found Karhoss's General Store.
 37806 | Orc:2    | Found Luxon's Book Shoppe.
 37847 | Orc:2    | Found Dokk's Book Shoppe.
 37849 | Orc:2    | Found Agecee's Jewellery Boutique.
 37857 | Orc:2    | Bought an uncursed ring of poison resistance for 320 gold pieces
 37857 | Orc:2    | Bought an uncursed ring of see invisible for 240 gold pieces
 37857 | Orc:2    | Bought an uncursed ring of protection from magic for 400 gold pieces
 38142 | Snake:1  | Entered Level 1 of the Snake Pit
 42318 | Snake:2  | Reached skill level 5 in Hexes
 42557 | Snake:2  | Reached XP level 15. HP: 87/87 MP: 18/23
 42750 | Snake:2  | Noticed a nagaraja
 42764 | Snake:2  | Noticed a nagaraja
 42773 | Snake:2  | Killed a nagaraja
 42801 | Snake:2  | Killed a nagaraja
 44178 | Snake:3  | Noticed a nagaraja
 44195 | Snake:3  | Killed a nagaraja
 44304 | Snake:3  | Reached skill level 15 in Summonings
 46099 | Shoals:1 | Entered Level 1 of the Shoals
 46310 | Shoals:1 | HP: 1/89 [drowned by a drowned soul[a merfolk avatar] (10)]
 46352 | Shoals:1 | Killed from afar by a water nymph

Skill      XL: |  1  2  3  4  5  6  7  8  9 10 11 12 13 14 15 |
---------------+----------------------------------------------+-----
Summonings     | 5 6 7 9 10 12 13 14 15 | 15.2
Fighting       | 1 2 3 4 5 6 8 9 10 11 12 13 | 13.2
Dodging        | 3 4 5 6 7 9 |  9.0
Spellcasting   | 3 5 7 |  7.2
Air Magic      | 1 4 5 |  5.0
Ice Magic      | 4 |  4.0
Shields        | 3 4 7 9 |  9.7
Armour         | 3 6 |  6.0
Invocations    | 1 4 6 8 |  8.6
Hexes          | 5 |  5.0
Stealth        | |  2.0

Action                   |  1- 3 |  4- 6 |  7- 9 | 10-12 | 13-15 || total
-------------------------+-------+-------+-------+-------+-------++-------
Melee: Unarmed           |     2 |       |       |       |       ||     2
       Dagger            |    31 |     4 |       |       |       ||    35
       Kick              |     9 |    10 |    21 |    56 |   149 ||   245
       Peck              |     4 |     6 |     9 |    26 |   108 ||   153
       Trident           |       |    72 |   169 |   284 |   702 ||  1227
Throw: Stone             |       |     3 |     2 |     7 |     2 ||    14
       Throwing net      |       |       |       |       |     3 ||     3
 Cast: Summon Small Mamm |    48 |     8 |     8 |       |       ||    64
       Call Imp          |    16 |    15 |    28 |       |     1 ||    60
       Call Canine Famil |     4 |    16 |    31 |     2 |    11 ||    64
       Summon Lightning  |       |       |    23 |    55 |    82 ||   160
       Summon Ice Beast  |       |       |       |   228 |   338 ||   566
       Shadow Creatures  |       |       |       |     4 |    22 ||    26
       Summon Mana Viper |       |       |       |       |    52 ||    52
Invok: Ancestor Identity |       |     1 |       |       |       ||     1
       Recall Ancestor   |       |       |     2 |    13 |    10 ||    25
       Ancestor Life: He |       |       |     1 |       |       ||     1
       Idealise          |       |       |       |     2 |     4 ||     6
       Transference      |       |       |       |       |     1 ||     1
 Abil: Fly               |       |       |     5 |     9 |     4 ||    18
Evoke: Wand              |       |       |       |     9 |    14 ||    23
  Use: Scroll            |     2 |     5 |     4 |    15 |    14 ||    40
       Potion            |       |       |       |     3 |     2 ||     5
 Stab: Sleeping          |     3 |     3 |     6 |     3 |     4 ||    19
       Distracted        |       |       |     3 |    12 |    22 ||    37
       Confused          |       |       |       |     6 |     9 ||    15
       Paralysed         |       |       |       |     1 |     9 ||    10
  Eat: Chunk             |     6 |     6 |    24 |    61 |    75 ||   172
       Ration            |       |     1 |     2 |    13 |    22 ||    38
Armor: Robe              |    21 |     1 |       |     4 |       ||    26
       Leather armour    |       |     9 |    29 |    15 |       ||    53
       Troll leather arm |       |       |       |     6 |    49 ||    55
Dodge: Dodged            |    46 |    40 |   130 |   129 |   405 ||   750
       Deflected         |       |       |       |       |    33 ||    33
Block: Buckler           |       |       |       |    54 |   145 ||   199
